 Dungeon Crawl Stone Soup version 0.30-a0-972-gf3ab3527aa (webtiles) character file.

Game seed: 14507947021729542644

28 OrthodoxDeviant the Trooper (level 3, -2/31 HPs)
             Began as a Barachi Fighter on Mar 31, 2023.
             Slain by an iguana (5 damage)
             ... on level 4 of the Dungeon.
             The game lasted 00:03:15 (1130 turns).

OrthodoxDeviant the Trooper (Barachi Fighter)       Turns: 1130, Time: 00:03:16

Health: -2/31      AC:  9    Str: 17    XL:     3   Next: 14%
Magic:  3/3        EV:  6    Int:  8    God:
Gold:   48         SH:  0    Dex: 13    Spells: 2/2 levels left

rFire   . . .      SeeInvis .    a - +0 long sword
rCold   . . .      Faith    .    c - +0 buckler
rNeg    . . .      Spirit   .    h - +0 chain mail
rPois   .          Reflect  .    (no helmet)
rElec   .          Rampage  .    (no cloak)
rCorr   .                        (no gloves)
Will    .....                    (no boots) Stlth
                                 (no amulet)
HPRegen 0.25/turn                (no ring)
MPRegen 0.08/turn                (no ring)

@: confused, mighty, slow
A: amphibious, slowness 1, strong legs 1, +LOS
a: Hop


You were on level 4 of the Dungeon.
You visited 1 branch of the dungeon, and saw 3 of its levels.

You collected 48 gold pieces.

Inventory:

Hand Weapons
 a - a +0 long sword (weapon)
Armour
 b - a +0 scale mail
 c - a +0 buckler (worn)
 f - an orb of guile
 h - a +0 chain mail (worn)
Jewellery
 l - a ring of fire
Scrolls
 g - 2 scrolls of vulnerability
 i - a scroll of fog {unknown}
 m - a scroll of noise
 o - a scroll of enchant armour {unknown}
Potions
 j - a potion of cancellation {unknown}
 k - a potion of mutation {unknown}


   Skills:
 + Level 4.4 Fighting
 + Level 3.4 Long Blades
 - Level 3.6 Armour
 - Level 3.2 Shields


You had 2 spell levels left.
You didn't know any spells.
Your spell library contained the following spells:

 Spells                   Type           Power      Damage    Failure   Level
 Apportation              Tloc           0%         N/A       100%        1
 Necrotise                Necr           0%         1d4       100%        1
 Summon Small Mammal      Summ           0%         N/A       100%        1


Dungeon Overview and Level Annotations

Branches:
Dungeon (2/15)

Altars:


Innate Abilities, Weirdness & Mutations

You are amphibious.
You cover ground slowly.
You can hop short distances.
You have an extended range of vision and can be seen from far away.


Message History

The orc hits you with a +0 dagger. Something hits you but does no damage.
You bump into the rock wall.
The quokka bites you but does no damage. x2
The orc completely misses you. Something hits you but does no damage.
You barely miss the quokka.
You feel less confused.
The quokka bites you but does no damage.
You block the orc's attack.
You hear some strange, mumbled words.
A puff of flame appears from out of thin air!
The puff of flame hits you!
You slash the orc!
You kill the orc!
The quokka bites you but does no damage.
Something hits you but does no damage. The quokka bites you.
You closely miss something. Something hits you but does no damage.
The quokka barely misses you.
You hear some strange, mumbled words.
You are confused.
You're too confused to move!
The quokka barely misses you. The quokka bites you.
Something hits you but does no damage.
You bump into the rock wall.
The quokka bites you but does no damage.
The orc hits you but does no damage. Something hits you but does no damage.
You completely miss the orc.
The quokka bites you but does no damage.
Something hits you.
You miss the orc. The quokka barely misses you. The orc barely misses you.
The iguana bites you. Something hits you.
The quokka bites you but does no damage.
You hit the iguana.
The iguana is lightly wounded.
The quokka bites you.
* * * LOW HITPOINT WARNING * * *
You hear some strange, mumbled words.
You are more confused.
The orc hits you with a +0 heavy hand axe.
* * * LOW HITPOINT WARNING * * *
The iguana bites you.
You die...

....####..###......
..........##.....#
.................#
................#
................##
#................##
#...........#ow...##
#.......{.###r{...#
##......###
#@o##..... #....o..
##l.# .... ##.......
..# #...o...o ....
........#.. ....#
..........##. ....#
##........l ##$...#
#.......#.. .....
.###..


You could see a worm, an iguana, 2 orcs and a quokka.

Vanquished Creatures
  An orc (D:4)
  5 bats
  3 endoplasms (D:1)
  2 hobgoblins (D:1)
  2 ball pythons (D:1)
  3 frilled lizards (D:1)
  5 goblins (D:1)
  2 kobolds (D:1)
  3 rats (D:1)
26 creatures vanquished.

Notes
Turn   | Place    | Note
-------+----------+-------------------------------------------
     0 | D:1      | OrthodoxDeviant the Barachi Fighter began the quest for the
                  | Orb.
     0 | D:1      | Reached XP level 1. HP: 18/18 MP: 1/1
   235 | D:1      | Reached XP level 2. HP: 25/25 MP: 2/2
   281 | D:1      | Reached skill level 4 in Fighting
  1091 | D:2      | Reached XP level 3. HP: 31/31 MP: 3/3
  1094 | D:2      | Found a faded altar of an unknown god.
  1100 | D:2      | You fall into a shaft and drop 2 floors!
  1104 | D:4      | Noticed a black bear
  1130 | D:4      | Slain by an iguana

Illustrated notes

Levels and vault maps discovered:
D:1:      dpeg_arrival_tiny_a, layout_basic
D:2:      layout_basic, hellmonk_ecumenical_altar_blasted,
          palyth_stone_intersect, kennysheep_generic_room_5
D:4:      layout_layer_cave, mainiacjoe_overflow_two_lobes,
          chequers_temple_overflow_statue_of_worship,
          minmay_overflow_temple_star_quad, okawaru_ov_weapons_minmay

Skill      XL: |  1  2 |
---------------+-------+-----
Fighting       | 4 |  4.4
Long Blades    | 3 |  3.4
Armour         | |  3.6
Shields        | |  3.2

Action                     || total
---------------------------++-------
  Melee: Long sword        ||    71
    Use: Scroll            ||     4
         Potion            ||     1
 Armour: Chain mail        ||    61
         Scale mail        ||     4
  Dodge: Dodged            ||    26
  Block: Buckler           ||    17

Table legend: (Time is in decaauts)
 A = Elapsed time spent in this place.
 B = Non-inter-level travel time spent in this place.
 C = Inter-level travel time spent in this place.
 D = Time resting spent in this place.
 E = Time spent auto-exploring this place.
 F = Levels seen in this place.
 G = Mean time per level.
                   A        B        C        D        E       F      G
               +--------+--------+--------+--------+--------+-----+--------+
         Total |   1339 |   1131 |    208 |      0 |    898 |   3 |  446.3 |
       Dungeon |   1339 |   1131 |    208 |      0 |    898 |   3 |  446.3 |
               +--------+--------+--------+--------+--------+-----+--------+

Top non-repeatable levels by time:
     D:1: 1253 daAuts
     D:2: 50 daAuts
     D:4: 35 daAuts
